Map: Frozen Temple

Players

Voltz - Winner!

  • Race: Zerg Zerg
  • League: Master

Miszu

  • Race: Protoss Protoss
  • League: Master

VOD

Have the link to the VOD?

Description

Time

  • Played on: April 3, 2016, 7 p.m.
  • Length: 6:17
Show
View Real Time Build Order
Export as new Build Order

Voltz Zerg - Winner!

Build Orders: Hatch First 

Get SALT Encoding   

  12  0:00  Drone  
  13  0:12  Overlord  
  13  0:18  Drone  
  14  0:30  Drone x2  
  14  0:34  Drone  
  17  0:51  Hatchery  
  17  0:54  Drone  
  17  0:57  Drone  
  18  1:08  Extractor  
  17  1:12  Spawning Pool  
  17  1:16  Drone  
  17  1:19  Drone  
  18  1:29  Drone  
  19  1:43  Drone  
  20  1:49  Drone  
  20  1:52  Hatchery  
  20  1:59  Queen  
  22  2:09  Metabolic Boost  
  22  2:11  Drone  
  22  2:14  Zergling x2  
  24  2:20  Overlord  
  24  2:23  Drone  
  24  2:24  Drone  
  26  2:32  Queen  
  28  2:40  Drone x2  
  28  2:42  Drone  
  31  2:44  Drone  
  31  2:48  Overlord  
  32  2:55  Drone  
  33  2:59  Drone  
  33  3:05  Overlord  
  34  3:06  Zergling x2  
  34  3:09  Zergling x8  
  39  3:17  Queen  
  41  3:23  Zergling x6  
  41  3:26  Queen  
  45  3:38  Drone x2  
  45  3:39  Roach Warren, Drone  
  45  3:41  Drone  
  48  3:45  Drone x2  
  48  3:47  Drone  
  51  3:49  Drone  
  52  3:57  Overlord  
  52  3:58  Overlord  
  52  4:04  Extractor  
  52  4:05  Drone x3  
  52  4:06  Extractor  
  52  4:07  Drone  
  52  4:09  Drone x2  
  56  4:32  Drone  
  56  4:33  Drone x3  
  56  4:34  Overlord x2  
  56  4:36  Roach x5  
  69  4:38  Roach  
  69  4:41  Roach  
  73  4:47  Overlord x2  
  73  4:50  Overlord  
  73  4:59  Roach x3  
  70  5:13  Drone x4  
  65  5:28  Drone x2  
  65  5:32  Zergling x2  
  65  5:33  Zergling x12  
  72  5:37  Ravager x4  
  72  5:38  Ravager x2  
  72  5:41  Zergling x2  
  79  5:48  Ravager  
  80  5:58  Zergling x16  
  83  6:17  Ravager  
Show
View Real Time Build Order
Export as new Build Order

Miszu Protoss 

Build Orders: 1 Gate Expand 

Get SALT Encoding   

  12  0:01  Probe (Chrono Boost)  
  13  0:11  Probe (Chrono Boost)  
  14  0:19  Pylon  
  14  0:22  Probe (Chrono Boost)  
  15  0:37  Probe (Chrono Boost)  
  15  0:39  Gateway  
  16  0:48  Probe (Chrono Boost)  
  17  0:58  Probe (Chrono Boost)  
  18  1:12  Nexus  
  18  1:16  Probe (Chrono Boost)  
  19  1:24  Assimilator  
  19  1:28  Probe (Chrono Boost)  
  20  1:35  Cybernetics Core  
  20  1:39  Probe (Chrono Boost)  
  21  1:45  Pylon  
  21  1:50  Probe (Chrono Boost)  
  21  1:51  Assimilator  
  22  2:00  Probe (Chrono Boost)  
  23  2:10  Probe (Chrono Boost)  
  24  2:22  Probe (Chrono Boost)  
  25  2:23  Adept (Chrono Boost)  
  25  2:25  Probe (Chrono Boost)  
  28  2:32  Gateway  
  28  2:33  Probe  
  28  2:35  Warp Gate (Chrono Boost)  
  29  2:37  Probe  
  29  2:41  Gateway  
  30  2:45  Probe  
  30  2:49  Probe  
  32  2:51  Pylon  
  32  2:54  Adept  
  32  2:57  Probe  
  35  3:02  Probe  
  36  3:14  Mothership Core  
  36  3:15  Probe  
  36  3:18  Adept  
  39  3:20  Adept  
  44  3:27  Probe  
  44  3:33  Adept  
  46  3:35  Probe  
  46  3:39  Probe  
  46  3:40  Pylon  
  48  3:47  Probe  
  47  3:51  Probe  
  47  3:55  Assimilator  
  48  3:58  Assimilator  
  48  3:59  Probe  
  49  4:04  Probe  
  50  4:11  Probe  
  51  4:18  Stargate  
  51  4:19  Probe  
  51  4:20  Stargate  
  51  4:22  Adept  
  51  4:23  Adept  
  56  4:26  Adept  
  58  4:31  Probe  
  59  4:40  Adept  
  59  4:41  Probe  
  59  4:45  Pylon  
  62  4:49  Nexus  
  62  4:50  Pylon  
  62  5:03  Probe x2  
  60  5:12  Phoenix x2 (Chrono Boost)  
  62  5:15  Probe x2  
  60  5:27  Probe x2  
  60  5:32  Adept x2  
  62  5:37  Phoenix x2 (Chrono Boost)  
  62  5:39  Probe x2  
  68  5:47  Pylon  
  68  5:51  Probe x2  
  68  5:54  Adept x2  
  74  6:03  Probe  
  76  6:16  Robotics Facility x2  
Tags
 
Add a new tag
Caveats
  • Supply blocks, unpowered buildings, or Contaminate may cause inaccurate times.
  • Supply counts are checked every 10 seconds.